 Dungeon Sprint DCSS version 0.20-a0-1126-g0f15420 (webtiles) character file.

14 poirepourri the Skirmisher (level 2, -14/29 HPs)
             Began as a Minotaur Fighter on May 17, 2017.
             Was a Follower of Makhleb.
             Killed from afar by a deep elf mage (40 damage)
             ... with a stone arrow
             ... in the Dungeon (Sprint VII: "The Pits").
             The game lasted 00:00:29 (284 turns).

poirepourri the Skirmisher (Minotaur Fighter)        Turns: 284, Time: 00:00:29

Health: -14/29     AC:  6    Str: 20    XL:     2   Next: 31%
Magic:  1/1        EV:  8    Int:  5    God:    Makhleb [*.....]
Gold:   0          SH:  9    Dex:  9    Spells: 1/1 levels left

rFire    . . .     SeeInvis .   a - +0 war axe
rCold    . . .     Gourm    .   c - +0 shield
rNeg     . . .     Faith    .   b - +0 scale mail
rPois    .         Spirit   .   (helmet restricted)
rElec    .         Reflect  .   (no cloak)
rCorr    .         Harm     .   (no gloves)
MR       .....     NoTele   +   (no boots)
Stlth    ..........             (no amulet)
Regen    0.1/turn               (no ring)
MPRegen  0.1/turn               (no ring)

@: no status effects
A: retaliatory headbutt, horns 2
a: Renounce Religion


You were in the Dungeon.
You worshipped Makhleb.
Makhleb was aware of your devotion.
You were not hungry.

You visited 1 branch

Inventory:

Hand Weapons
 a - a +0 war axe (weapon)
Armour
 b - a +0 scale mail (worn)
 c - a +0 shield (worn)
Scrolls
 k - a scroll of blinking
 m - 3 scrolls of remove curse
 n - 5 scrolls of amnesia
 o - a scroll of summoning
Potions
 d - a potion of might
 e - a potion of curing
 g - a potion of heal wounds
 h - a potion of haste
 i - 4 potions of magic
 j - 3 potions of berserk rage
 l - 2 potions of invisibility
Comestibles
 f - 8 bread rations
 p - 40 fruits
 q - 7 meat rations


   Skills:
 + Level 5.3 Fighting
 + Level 3.0 Axes
 - Level 3.6 Armour
 + Level 1.0 Dodging
 + Level 5.0 Shields


You had one spell level left.
You didn't know any spells.

Dungeon Overview and Level Annotations

Branches:
Dungeon (1/1)

Altars:
Ashenzari
Cheibriados
Dithmenos
Elyvilon
Fedhas
Gozag
Hepliaklqana
Kikubaaqudgha
Makhleb
Nemelex Xobeh
Okawaru
Qazlal
Ru
Sif Muna
Trog
Uskayaw
Vehumet
Wu Jian
Xom
Yredelemnul
Zin
The Shining One
Beogh
Jiyva
Lugonu


Innate Abilities, Weirdness & Mutations

You reflexively headbutt those who attack you in melee.
You have a pair of horns on your head.


Message History

The leopard gecko hisses angrily.
You hear a shout!
The bat skeleton hits you.
A bat skeleton comes into view.
You slash the bat skeleton!
You destroy the bat skeleton!
Makhleb accepts your kill.
Your Dodging skill increases to level 1!
You block the leopard gecko's attack.
You closely miss the leopard gecko. The leopard gecko bites you.
A deep elf mage comes into view. It is wielding a dagger.
You closely miss the leopard gecko. You block the leopard gecko's attack.
You hit the deep elf mage.
The deep elf mage is lightly wounded.
The deep elf mage hits you with a dagger.
You barely miss the deep elf mage. Your headbutt misses the deep elf mage.
The deep elf mage is lightly wounded.
The deep elf mage points at you and mumbles some strange words.
The stone arrow hits you!
Ouch! That really hurt!
You die...

##########'##...........
#.?(.')))'.##......#..#.
##########.##...........
#...........'...........
#+#####'#####......#..#.
#.....##...........
#####)#####'#####++
#.....##.......#
#..@..##.......#
###e####.......#


lr. #...<...# ..... #.......# ......##.......# #########.......# ######### You
could see a deep elf mage, a leopard gecko and a rat.

Vanquished Creatures
  An ufetubus (D)
  An adder skeleton (D)
  An orc (D)
  A bat skeleton (D)
  A quokka (D)
  A quokka zombie (D)
6 creatures vanquished.

Notes
Turn   | Place    | Note
-------+----------+-------------------------------------------
     0 | D        | poirepourri the Minotaur Fighter began the quest for the Orb.
     0 | D        | Reached XP level 1. HP: 19/19 MP: 0/0
    36 | D        | Found a bloodstained altar of Trog.
    36 | D        | Found a deep blue altar of Sif Muna.
    36 | D        | Found a viscous altar of Jiyva.
    36 | D        | Found a hazy altar of Hepliaklqana.
    36 | D        | Found an opulent altar of Gozag.
    37 | D        | Found a glowing golden altar of the Shining One.
    37 | D        | Found a glowing silver altar of Zin.
    37 | D        | Found a basalt altar of Yredelemnul.
    37 | D        | Found a shimmering altar of Xom.
    37 | D        | Found an ornate altar of the Wu Jian Council.
    37 | D        | Found a sacrificial altar of Ru.
    37 | D        | Found a stormy altar of Qazlal.
    37 | D        | Found an iron altar of Okawaru.
    37 | D        | Found a sparkling altar of Nemelex Xobeh.
    37 | D        | Found a burning altar of Makhleb.
    37 | D        | Found a blossoming altar of Fedhas.
    37 | D        | Found a white marble altar of Elyvilon.
    37 | D        | Found a shadowy altar of Dithmenos.
    37 | D        | Found a snail-covered altar of Cheibriados.
    41 | D        | Found a roughly hewn altar of Beogh.
    41 | D        | Found a corrupted altar of Lugonu.
    41 | D        | Found a radiant altar of Vehumet.
    42 | D        | Found a shattered altar of Ashenzari.
    42 | D        | Found an ancient bone altar of Kikubaaqudgha.
    42 | D        | Found a hide-covered altar of Uskayaw.
    67 | D        | Became a worshipper of Makhleb the Destroyer
   118 | D        | Reached XP level 2. HP: 14/28 MP: 1/1
   271 | D        | Reached * piety under Makhleb
   271 | D        | Reached skill level 5 in Fighting
   273 | D        | Reached skill level 5 in Shields
   280 | D        | Reached skill level 1 in Dodging
   282 | D        | Noticed a deep elf mage
   284 | D        | Killed from afar by a deep elf mage

Vault maps used:
D:        pitsprint

Skill      XL: |  1  2 |
---------------+-------+-----
Fighting       | 4 5 |  5.3
Shields        | 4 5 |  5.0
Axes           | 3 |  3.0
Dodging        | 1 |  1.0
Armour         | |  3.6

Action                   || total
-------------------------++-------
Melee: War axe           ||    19
       Headbutt          ||     1
Armor: Scale mail        ||     8
Dodge: Dodged            ||     9
Block: Shield            ||    15
